Map: Lost and Found LE

Players

SICKBOY

  • Race: Terran Terran
  • League: Platinum
  • Spawn Location: 1:00

Michael - Winner!

  • Race: Zerg Zerg
  • League: Gold
  • Spawn Location: 7:00

VOD

Have the link to the VOD?

Description

Time

  • Played on: Oct. 7, 2018, 8:44 a.m.
  • Length: 5:32
Show
View Real Time Build Order
Export as new Build Order

SICKBOY Terran 

Build Orders:  

Get SALT Encoding   

  12  0:04  SCV  
  13  0:16  SCV  
  13  0:20  Supply Depot  
  14  0:28  SCV  
  14  0:33  Refinery  
  15  0:41  SCV  
  16  0:55  SCV, Barracks  
  17  1:07  SCV  
  18  1:17  Barracks  
  18  1:26  SCV  
  18  1:27  Supply Depot  
  19  1:38  SCV  
  20  1:47  Bunker  
  20  1:48  Marine  
  21  1:58  Supply Depot  
  21  2:01  SCV  
  22  2:06  Marine  
  22  2:08  Marine  
  24  2:23  Marine  
  24  2:24  Bunker  
  24  2:26  Marine  
  25  2:41  Marine  
  25  2:43  Marine  
  27  2:48  Bunker  
  26  2:59  Marine  
  26  3:05  Marine  
  28  3:17  Marine  
  28  3:19  Factory  
  29  3:20  SCV  
  29  3:23  Marine  
  31  3:32  SCV  
  26  4:23  Marine x2  
  26  4:39  Factory Tech Lab  
  26  4:42  Orbital Command  
  26  4:44  Refinery  
  26  4:45  Barracks  
  24  4:52  Starport  
  24  4:55  Starport  
  22  5:04  Hellion  
  24  5:15  SCV  
Show
View Real Time Build Order
Export as new Build Order

Michael Zerg - Winner!

Build Orders: Pool First 

Get SALT Encoding   

  12  0:01  Drone  
  13  0:12  Overlord  
  13  0:16  Drone  
  14  0:31  Drone x2  
  14  0:34  Drone  
  17  0:40  Extractor  
  16  0:45  Drone  
  17  0:51  Spawning Pool  
  17  0:56  Drone  
  17  1:06  Drone  
  18  1:22  Hatchery  
  18  1:25  Drone  
  18  1:28  Drone  
  19  1:39  Queen  
  21  1:46  Metabolic Boost  
  21  1:50  Zergling x2  
  22  1:58  Overlord  
  22  2:15  Queen  
  22  2:22  Drone x3  
  27  2:46  Queen  
  27  2:48  Zergling x2  
  27  2:49  Zergling x2  
  31  2:59  Spine Crawler  
  31  3:05  Zergling x10  
  36  3:11  Spine Crawler  
  35  3:14  Zergling x2  
  35  3:16  Overlord x2  
  36  3:29  Drone, Baneling Nest  
  36  3:31  Extractor  
  27  4:05  Zergling x16  
  31  4:48  Drone  
  31  4:49  Drone x5  
  37  4:54  Queen  
  37  4:59  Roach Warren  
  38  5:01  Evolution Chamber  
  37  5:14  Drone, Hatchery  
  37  5:15  Drone x4  
  37  5:17  Drone  
Tags
 
Add a new tag
Caveats
  • Supply blocks, unpowered buildings, or Contaminate may cause inaccurate times.
  • Supply counts are checked every 10 seconds.